 Dungeon Crawl Stone Soup version 0.29-a0-82-g837932c90e (webtiles) character file.

Game seed: 7741967497918616891

172 lordive the Sneak (level 5, -22/25 HPs)
             Began as a Spriggan Enchanter on Feb 5, 2022.
             Annihilated by an ogre (30 damage)
             ... on level 4 of the Dungeon.
             The game lasted 00:06:00 (4010 turns).

lordive the Sneak (Spriggan Enchanter)              Turns: 4010, Time: 00:06:01

Health: -22/25     AC:  2    Str:  4    XL:     5   Next: 27%
Magic:  2/10       EV: 22    Int: 25    God:
Gold:   84         SH:  0    Dex: 15    Spells: 5/10 levels left

rFire   . . .      SeeInvis +   a - +1 dagger
rCold   . . .      Faith    .   (no shield)
rNeg    . . .      Spirit   .   b - +0 robe
rPois   .          Reflect  .   (helmet restricted)
rElec   .          Harm     .   (no cloak)
rCorr   .          Rampage  .   (gloves unavailable)
Will    .....                   (boots unavailable)
Stlth   +++.......              (no amulet)
HPRegen 0.08/turn               g - +4 ring of evasion
MPRegen 0.12/turn               l - +6 ring of intelligence

@: very quick
A: very small, no large weapons, unfitting armour, see invisible, speed 3
a: no special abilities


You were on level 4 of the Dungeon.
You visited 1 branch of the dungeon, and saw 4 of its levels.

You collected 84 gold pieces.

Inventory:

Hand Weapons
 a - a +1 dagger (weapon)
Missiles
 d - 5 silver boomerangs
Armour
 b - a +0 robe (worn)
Magical Staves
 m - a staff of earth
Jewellery
 g - a +4 ring of evasion (left hand)
 l - a +6 ring of intelligence (right hand)
 n - an amulet of the acrobat
Scrolls
 e - 5 scrolls of identify {unknown}
 f - a scroll of fog {unknown}
 h - a scroll of teleportation {unknown}
 j - 2 scrolls of fear {unknown}
 o - a scroll of amnesia {unknown}
 p - a scroll of acquirement {unknown}
Potions
 c - a potion of invisibility
 i - a potion of curing {unknown}
 k - a potion of cancellation {unknown}
 q - a potion of haste {unknown}


   Skills:
 * Level 1.0 Fighting
 * Level 2.2 Short Blades
 * Level 1.1 Armour
 * Level 3.4 Dodging
 + Level 5.6 Stealth
 + Level 3.2 Spellcasting
 * Level 4.5 Hexes
 + Level 0.7 Ice Magic


You had 5 spell levels left.
You knew the following spells:

 Your Spells              Type           Power      Damage    Failure   Level
a - Ensorcelled Hibernat  Hex/Ice        34%        N/A       4%          2
b - Confusing Touch       Hex            26%        N/A       4%          3

Your spell library contained the following spells:

 Spells                   Type           Power      Damage    Failure   Level
 Tukima's Dance           Hex            26%        N/A       4%          3
 Dazzling Flash           Conj/Hex       30%        N/A       12%         3
 Static Discharge         Conj/Air       4%         N/A       16%         2
 Dispel Undead            Necr           4%         3d7       69%         4
 Sticky Flame             Conj/Fire      4%         2d3       69%         4


Dungeon Overview and Level Annotations

Branches:
Dungeon (4/15)
 Temple: D:4-7

Altars:
Ashenzari
Elyvilon
Nemelex Xobeh
Vehumet

Shops:
D:3 [

Annotations:
D:2 Terence
D:3 1 transporter


Innate Abilities, Weirdness & Mutations

You are very small and have problems with some larger weapons.
You are too small for most types of armour.
You have supernaturally acute eyesight. (SInv)
You cover ground extremely quickly. (Speed+++)


Message History

You impale the orc priest!!
You kill the orc priest!
The orc closely misses you. The orc barely misses you.
Your Fighting skill increases to level 1!
Casting: Ensorcelled Hibernation (safe; 4% risk of failure)
Confirm with . or Enter, or press ? or * to list all spells.
Okay, then.
Casting: Ensorcelled Hibernation (safe; 4% risk of failure)
Confirm with . or Enter, or press ? or * to list all spells.
Aiming: Ensorcelled Hibernation (safe; 4% risk of failure)
Press: ? - help, Shift-Dir - straight line, f - orc
Aim: an orc, wielding a +0 hand axe and wearing a +0 leather armour (lightly wounded, chance to affect: 67%)
The orc looks drowsy...
The helpless orc fails to defend itself.
You impale the orc!!
You kill the orc!
Casting: Ensorcelled Hibernation (safe; 4% risk of failure)
Confirm with . or Enter, or press ? or * to list all spells.
Aiming: Ensorcelled Hibernation (safe; 4% risk of failure)
Press: ? - help, Shift-Dir - straight line, f - ogre
Aim: an ogre, wielding a +0 giant club (chance to affect: 50%)
Okay, then.
Casting: Ensorcelled Hibernation (safe; 4% risk of failure)
Confirm with . or Enter, or press ? or * to list all spells.
Aiming: Ensorcelled Hibernation (safe; 4% risk of failure)
Press: ? - help, Shift-Dir - straight line, f - ogre
Aim: an ogre, wielding a +0 giant club (chance to affect: 50%)
The ogre resists with some effort.
Casting: Ensorcelled Hibernation (safe; 4% risk of failure)
Confirm with . or Enter, or press ? or * to list all spells.
Aiming: Ensorcelled Hibernation (safe; 4% risk of failure)
Press: ? - help, Shift-Dir - straight line, f/p - ogre
Aim: an ogre, wielding a +0 giant club (chance to affect: 50%)
The ogre looks drowsy...
The orc completely misses you.
You hit the ogre.
The ogre is lightly wounded.
The ogre hits you with a +0 giant club!!
Ouch! That really hurt!
You die...

≈≈≈≈≈≈≈≈≈≈≈≈≈≈≈....≈≈≈≈≈≈≈≈
≈≈≈≈≈≈≈≈≈≈≈≈≈≈......≈≈≈≈≈≈≈
.≈≈≈..≈..≈≈≈≈.≈≈≈≈≈.≈....≈(≈.≈≈.≈
....(.........†..................
.............(.................).
.............(...................
..................####....#######
.....................#....#
................@O...)....+
.................o...#....#
..................####....#
........[.........# #....#
..................# ######
..................#
..................###
.....................#
.....................#


You could see an ogre and an orc.

Vanquished Creatures
  An orc priest (D:4)
  An orc wizard (D:3)
  An iguana (D:4)
  2 adders
  An adder skeleton (D:2)
  A worm (D:3)
  2 dart slugs
  5 orcs
  6 ball pythons
  3 bats
  6 endoplasms
  3 giant cockroaches
  6 hobgoblins
  3 quokkas
  3 frilled lizards
  5 goblins
  5 kobolds
  4 rats
58 creatures vanquished.

Notes
Turn   | Place    | Note
-------+----------+-------------------------------------------
     0 | D:1      | lordive the Spriggan Enchanter began the quest for the Orb.
     0 | D:1      | Reached XP level 1. HP: 9/9 MP: 5/5
   310 | D:1      | Reached XP level 2. HP: 12/13 MP: 6/6
   313 | D:1      | Learned a level 2 spell: Ensorcelled Hibernation
   479 | D:1      | Found a faded altar of an unknown god.
  1212 | D:2      | Reached XP level 3. HP: 17/17 MP: 2/8
  1651 | D:2      | Noticed Terence
  2031 | D:2      | Learned a level 3 spell: Confusing Touch
  2556 | D:3      | Reached skill level 5 in Stealth
  2556 | D:3      | Reached XP level 4. HP: 11/21 MP: 4/9
  2740 | D:3      | Found Ker Emue's Armour Shop.
  2758 | D:3      | Found a radiant altar of Vehumet.
  2875 | D:3      | Found a sparkling altar of Nemelex Xobeh.
  2875 | D:3      | Found a transporter.
  2992 | D:3      | Found a broken altar of Ashenzari.
  3104 | D:3      | Found a white marble altar of Elyvilon.
  3629 | D:4      | Reached skill level 1 in Armour
  3882 | D:4      | Reached XP level 5. HP: 25/25 MP: 7/10
  3978 | D:4      | Noticed an ogre
  3983 | D:4      | Reached skill level 1 in Fighting
  4010 | D:4      | Annihilated by an ogre

Illustrated notes

Levels and vault maps discovered:
D:1:      dpeg_arrival_court, layout_basic,
          hellmonk_ecumenical_altar_prayer_group
D:2:      layout_basic, minivault_27, uniq_terence
D:3:      layout_loops_ring, grunt_nemelex_the_gamble,
          mainiacjoe_overflow_24_doors, vehumet_crystals, elyvilon_altar_5,
          serial_shops, nicolae_shop_behind_doors
D:4:      minmay_goblin_kobold_castle, layout_basic, nicolae_uskayaw_dance_hall,
          mainiacjoe_overflow_catch_the_wave,
          nicolae_wu_jian_immortal_techniques, minmay_misc_feat_tiny, uniq_ijyb

Skill      XL: |  1  2  3  4  5 |
---------------+----------------+-----
Hexes          | 4 |  4.5
Dodging        | 3 |  3.4
Stealth        | 5 |  5.6
Spellcasting   | 3 |  3.2
Short Blades   | 2 |  2.2
Armour         | 1 |  1.1
Fighting       | 1 |  1.0
Ice Magic      | |  0.7

Action                   |  1- 3 |  4- 6 || total
-------------------------+-------+-------++-------
Melee: Dagger            |    66 |    52 ||   118
       Punch             |     1 |       ||     1
 Cast: Ensorcelled Hiber |    27 |    31 ||    58
       Confusing Touch   |     1 |       ||     1
 Stab: Sleeping          |    26 |    16 ||    42
       Confused          |     2 |       ||     2
Armor: Robe              |     5 |     5 ||    10
Dodge: Dodged            |    46 |    58 ||   104

Table legend: (Time is in decaauts)
 A = Elapsed time spent in this place.
 B = Non-inter-level travel time spent in this place.
 C = Inter-level travel time spent in this place.
 D = Time resting spent in this place.
 E = Time spent auto-exploring this place.
 F = Levels seen in this place.
 G = Mean time per level.
                   A        B        C        D        E       F      G
               +--------+--------+--------+--------+--------+-----+--------+
         Total |   3147 |   3082 |     65 |     66 |   2520 |   4 |  786.8 |
       Dungeon |   3147 |   3082 |     65 |     66 |   2520 |   4 |  786.8 |
               +--------+--------+--------+--------+--------+-----+--------+

Top non-repeatable levels by time:
     D:2: 1206 daAuts
     D:3: 860 daAuts
     D:1: 728 daAuts
     D:4: 352 daAuts
